 Dungeon Crawl Stone Soup version 0.31-a0-208-gdb31a4691d (webtiles) character file.

Game seed: 10414033630809901341

126 innerfire43 the Trooper (level 4, 0/38 HPs)
             Began as a Demonspawn Monk on June 28, 2023.
             Splashed by a jelly's acid (7 damage)
             ... on level 3 of the Dungeon.
             The game lasted 00:02:53 (1728 turns).

innerfire43 the Trooper (Demonspawn Monk)           Turns: 1728, Time: 00:02:54

Health: 0/38       AC: -1    Str: 13    XL:     4   Next: 84%
Magic:  4/4        EV: 13    Int: 11    God:
Gold:   118        SH:  5    Dex: 16    Spells: 3/3 levels left

rFire   . . .        a - +0 hand axe
rCold   . . .        d - orb {light}
rNeg    + . .        b - +0 robe
rPois   .            (no helmet)
rElec   .            (no cloak)
rCorr   .            j - +0 pair of gloves
SInv    .            (no boots)
Will    .....        n - amulet of reflection
Stlth   +            h - +4 ring of slaying
HPRegen 0.26/turn    s - ring of positive energy
MPRegen 0.09/turn

%: reflection
@: corroded, glowing
A: hooves 2, demonic guardian 1
a: no special abilities


You were on level 3 of the Dungeon.
You visited 1 branch of the dungeon, and saw 3 of its levels.

You collected 118 gold pieces.

Inventory:

Hand Weapons
 a - a +0 hand axe (weapon)
 r - the +9 great sword of Sewiefups {heavy, Stlth+}
   (You found it on level 2 of the Dungeon)

   Stlth:     It makes you more stealthy.
Armour
 b - a +0 robe (worn)
 d - an orb of light (worn)
 j - a +0 pair of gloves (worn)
 m - a +0 robe of fire resistance
Jewellery
 h - a +4 ring of slaying (left hand)
 n - an amulet of reflection (around neck)
 s - a ring of positive energy (right hand)
Scrolls
 e - 2 scrolls of identify {unknown}
 g - 3 scrolls of teleportation {unknown}
 i - 3 scrolls of revelation {unknown}
 k - a scroll of blinking {unknown}
 l - a scroll of fog {unknown}
 o - 2 scrolls of fear {unknown}
 p - a scroll of immolation {unknown}
Potions
 c - 2 potions of ambrosia
 f - a potion of heal wounds {unknown}
 q - a potion of curing {unknown}


   Skills:
 * Level 4.3 Fighting
 * Level 1.0 Long Blades
 - Level 3.7 Axes
 - Level 3.0 Dodging


You had 3 spell levels left.
You didn't know any spells.
Your spell library was empty.

Dungeon Overview and Level Annotations

Branches:
Dungeon (3/15)

Altars:


Innate Abilities, Weirdness & Mutations

You have hoof-like feet.
A weak demonic guardian rushes to your aid.


Message History

The jackal bites you.
You hit the jackal.
You kill the jackal!
The orc barely misses you. The orc barely misses you.
Things that are here:
a jackal corpse; a jackal corpse You slash the orc!
You kill the orc!
No target in view!
You see here a jackal corpse.
i - 3 scrolls labelled DORIDA GIHUEHU (gained 1)
A ball python comes into view.
A ball python is nearby!
The ball python hisses angrily.
The ball python bites you. The ball python barely misses you.
You slash the ball python!
You kill the ball python!
Your Long Blades skill increases to level 1!
No target in view!
A jelly comes into view.
The jelly quivers.
The jelly barely misses you.
You hit the jelly.
Your hands burn!
You kick the jelly!
The jelly is severely wounded.
The jelly hits you.
You are splashed with acid!
You hit the jelly.
Your hands burn!
The jelly is severely wounded.
The jelly hits you. The acid corrodes you!
You are splashed with acid!
A demonic guardian appears!
You are too injured to fight recklessly!
You are too injured to fight recklessly!
You are too injured to fight recklessly!
You hit the jelly.
Your hands burn!
* * * LOW HITPOINT WARNING * * *
The jelly is almost dead.
The jelly hits you.
* * * LOW HITPOINT WARNING * * *
You are splashed with acid!
You die...

######### #.......#
#.#####.#
..##.#####.##....#######
#.....J@...............#
..##.####5.##....#####.#
#...#####.# #.# #.....#
#.# #.# ##...... ..# #.#
##.######## #.# #.# #.#
#.# #.# #.#


You could see a jelly (ally target) and a friendly ufetubus (summoned).

Vanquished Creatures
  3 adders (D:2)
  A worm (D:2)
  2 dart slugs
  5 orcs (D:3)
  5 endoplasms (D:1)
  A giant cockroach (D:1)
  3 goblins (D:2)
  3 hobgoblins
  7 jackals
  4 kobolds
  4 quokkas
  5 ball pythons
  7 bats
  4 frilled lizards
  4 rats (D:1)
58 creatures vanquished.

Vanquished Creatures (collateral kills)
  Terence (D:2)
1 creature vanquished.

Grand Total: 59 creatures vanquished

Notes
Turn   | Place    | Note
-------+----------+-------------------------------------------
     0 | D:1      | innerfire43 the Demonspawn Monk began the quest for the
                  | Orb.
     0 | D:1      | Reached XP level 1. HP: 18/18 MP: 1/1
   130 | D:1      | Gained mutation: A weak demonic guardian rushes to your
                  | aid. [demonic ancestry]
   130 | D:1      | Reached XP level 2. HP: 14/24 MP: 2/2
   501 | D:1      | Discovered your monstrous ancestry.
   501 | D:1      | Gained mutation: You have large cloven feet. [demonic
                  | ancestry]
   501 | D:1      | Reached XP level 3. HP: 29/29 MP: 3/3
   999 | D:2      | Noticed Terence
  1007 | D:2      | Killed Terence
  1008 | D:2      | Reached skill level 4 in Fighting
  1008 | D:2      | Gained mutation: You have hoof-like feet. [demonic
                  | ancestry]
  1008 | D:2      | Reached XP level 4. HP: 17/37 MP: 4/4
  1178 | D:2      | Identified the +9 great sword of Sewiefups {heavy, Stlth+}
  1708 | D:3      | Reached skill level 1 in Long Blades
  1728 | D:3      | Splashed by a jelly's acid

Illustrated notes

Levels and vault maps discovered:
D:1:      heliophobic_arrival_henge, layout_basic
D:2:      layout_rooms, uniq_terence
D:3:      layout_loops_corners, mainiacjoe_overflow_cross_hatched,
          nicolae_wu_jian_immortal_techniques, gammafunk_ghost_nasty_kobolds,
          shapermc_ecumenical_altar_flowoftime

Skill      XL: |  1  2  3  4 |
---------------+-------------+-----
Axes           | 3 |  3.7
Dodging        | 3 |  3.0
Fighting       | 4 |  4.3
Long Blades    | 1 |  1.0

Action                     |  1- 3 |  4- 6 || total
---------------------------+-------+-------++-------
  Melee: Hand axe          |    84 |    33 ||   117
         Kick              |     8 |     7 ||    15
 Armour: Robe              |    12 |     3 ||    15
  Dodge: Dodged            |    53 |    13 ||    66
  Block: Orb               |     4 |     5 ||     9
         Reflection        |     2 |     1 ||     3

Table legend: (Time is in decaauts)
 A = Elapsed time spent in this place.
 B = Non-inter-level travel time spent in this place.
 C = Inter-level travel time spent in this place.
 D = Time resting spent in this place.
 E = Time spent auto-exploring this place.
 F = Levels seen in this place.
 G = Mean time per level.
                   A        B        C        D        E       F      G
               +--------+--------+--------+--------+--------+-----+--------+
         Total |   1741 |   1692 |     49 |      0 |   1366 |   3 |  580.3 |
       Dungeon |   1741 |   1692 |     49 |      0 |   1366 |   3 |  580.3 |
               +--------+--------+--------+--------+--------+-----+--------+

Top non-repeatable levels by time:
     D:1: 779 daAuts
     D:2: 579 daAuts
     D:3: 382 daAuts
